 Dungeon Crawl Stone Soup version 0.25-a0-294-gea9b1ad378 (webtiles) character file.

Game seed: 7920060757114266242, levelgen mode: classic

8115 Borgoz the Basher (level 11, 0/68 HPs)
             Began as a Gargoyle Fighter on Dec 18, 2019.
             Was a High Priest of Makhleb.
             Slain by an orc warlord
             ... wielding a +0 long sword
              (29 damage)
             ... in a bailey.
             The game lasted 00:16:09 (7539 turns).

Borgoz the Basher (Gargoyle Fighter)                Turns: 7539, Time: 00:16:09

Health: 0/68       AC: 23    Str: 29    XL:     11   Next: 25%
Magic:  13/13      EV: 13    Int:  9    God:    Makhleb [*****.]
Gold:   528        SH:  5    Dex: 12    Spells: 10/10 levels left

rFire    . . .     SeeInvis .   C - +2 morningstar
rCold    . . .     Gourm    .   s - +0 buckler
rNeg     + . .     Faith    .   b - +1 scale mail
rPois    ∞         Spirit   .   (no helmet)
rElec    +         Reflect  .   (no cloak)
rCorr    .         Harm     .   (no gloves)
MR       .....                  (no boots)
Stlth    ..........             k - amulet of regeneration
HPRegen  0.61/turn              e - +4 ring of strength
MPRegen  0.13/turn              j - +6 ring of protection

@: mighty, very slightly contaminated, invisible
A: negative energy resistance 1, electricity resistance, unbreathing,
petrification resistance, rot immunity, AC +8
a: Minor Destruction, Lesser Servant of Makhleb, Major Destruction, Greater
Servant of Makhleb, Renounce Religion


You were in a bailey.
You worshipped Makhleb.
Makhleb was extremely pleased with you.
You were not hungry.

You visited 2 branches of the dungeon, and saw 11 of its levels.
You also visited: Bailey.

You collected 566 gold pieces.
You spent 38 gold pieces at shops.

Inventory:

Hand Weapons
 C - a +2 morningstar (weapon)
Armour
 b - a +1 scale mail (worn)
 s - a +0 buckler (worn)
 y - a +0 troll leather armour
Jewellery
 e - a +4 ring of strength (left hand)
 j - a +6 ring of protection (right hand)
 k - an amulet of regeneration (around neck)
 o - an uncursed ring of resist corrosion
 B - an uncursed ring of see invisible
Wands
 g - a wand of acid (10)
 i - a wand of enslavement (12)
 t - a wand of polymorph (5)
 w - a wand of random effects (13)
Scrolls
 a - 2 scrolls of remove curse
 h - 3 scrolls of enchant armour
 l - 4 scrolls of teleportation
 q - a scroll of amnesia
 u - 2 scrolls of enchant weapon
 v - a scroll of magic mapping
 x - a scroll of holy word
Potions
 c - a potion of flight
 n - 3 potions of mutation
 p - 4 potions of agility
 r - 3 potions of curing
 D - 3 potions of heal wounds
Comestibles
 f - 19 rations
 m - a chunk of flesh


   Skills:
 + Level 7.9 Fighting
 * Level 9.6 Maces & Flails
 * Level 9.1 Armour
 * Level 6.3 Dodging
 - Level 5.4 Shields
 + Level 3.9 Invocations
 + Level 3.3 Evocations


You had 10 spell levels left.
You didn't know any spells.
Your spell library contained the following spells:

 Spells                   Type           Power        Failure   Level  Hunger
 Magic Dart               Conj           #...         58%         1    ##.....
 Blink                    Tloc           N/A          75%         2    ###....
 Call Imp                 Summ           #.......     75%         2    ###....
 Slow                     Hex            #.......     75%         2    ###....
 Conjure Flame            Conj/Fire      #.......     92%         3    ####...
 Mephitic Cloud           Conj/Pois/Air  #.......     92%         3    ####...


Dungeon Overview and Level Annotations

Branches:
Dungeon (10/15)            Temple (1/1) D:6            Lair (0/6) D:10
    Orc (0/2) D:10         Bailey (1/1)

Altars:
Ashenzari
Cheibriados
Dithmenos
Elyvilon
Fedhas
Gozag
Hepliaklqana
Kikubaaqudgha
Makhleb
Nemelex Xobeh
Okawaru
Qazlal
Ru
Sif Muna
Trog
Uskayaw
Vehumet
Wu Jian
Xom
Yredelemnul
Zin
The Shining One

Shops:
D:4 =}(!   D:6 %   D:7 ?

Annotations:
D:3 3 runed translucent doors, KrasnyyBoyets's ghost, amateur TrFi
D:8 3 runed translucent doors


Innate Abilities, Weirdness & Mutations

You are resistant to torment.
Your stone body is resilient. (AC +8)
You are immune to poison.
You resist negative energy. (rN+)
You are resistant to electric shocks. (rElec)
You can survive without breathing.
You are immune to petrification.
You are immune to rotting.


Message History

The orc knight no longer looks unusually strong.
The orc warlord roars a battlecry!
The orcs go into a battle-frenzy!
You fade into invisibility!
The orc warrior no longer looks unusually strong. x2
The orc warlord hits you but does no damage.
Unknown command.
You bludgeon the orc warlord!!
The orc warlord is severely wounded.
The orc warrior no longer looks unusually strong.
The orc warlord no longer looks unusually strong.
The orc warrior no longer looks unusually strong.
The orc no longer looks unusually strong.
The orc warlord hits you with a +0 long sword!
The orc warlord blocks your attack.
The orc warlord is severely wounded.
The orc knight roars a battlecry!
The orcs go into a battle-frenzy!
The orc warlord hits you with a +0 long sword!!
You die... ##).)..## ##.....## ##'####...........####)## ##.....##.........##.....## #.......#....o....#.......# ##.......##.goog..##.......## #.........# oooog #.........# ##.........## ogo

##.........##
#.....⌠.....###o###.....⌠.....#
##.........##88@88##.........##
#.........#.......#.........#
##......)##.......##)......##
#......)'.........[.......#
##.....##.........##.....##
#######.....⌠.....#######
##.........## #.........#
##.......##


You could see an orc warlord, an orc knight, 6 orc warriors, 2 orcs and 4
goblins.

Vanquished Creatures
  2 two-headed ogres (D:9)
  Pikel (D:5)
  An orc knight (Bailey)
  Joseph (D:8)
  A troll (D:10)
  A hippogriff (D:9)
  Menkaure (D:7)
  Duvessa (D:7)
  9 orc warriors
  2 phantoms
  4 sky beasts
  4 slaves (D:5)
  An ice beast (D:7)
  A black bear (D:6)
  A necrophage (D:7)
  3 wolves (D:9)
  6 ogres
  4 centaurs
  2 bullfrogs
  Dowan (D:7)
  A wyvern skeleton (D:9)
  14 wights
  An electric eel (D:10)
  A howler monkey (D:8)
  3 crimson imps
  13 hounds
  A quasit (D:5)
  2 bullfrog zombies (D:6)
  3 orc priests
  3 bullfrog skeletons
  An iron imp (D:9)
  4 iguanas
  5 orc wizards
  3 worker ants
  2 hound skeletons
  A worker ant zombie (D:10)
  14 gnolls
  12 adders
  A howler monkey skeleton (D:4)
  A shadow imp (D:5)
  2 dart slugs
  2 leopard geckos
  57 orcs
  6 bats
  4 giant cockroaches
  18 hobgoblins
  13 jackals
  A quokka (D:2)
  3 ball pythons
  7 frilled lizards
  22 goblins
  A goblin zombie (D:9)
  A hobgoblin zombie (D:9)
  7 kobolds
  6 kobold zombies (D:9)
  An orc skeleton (D:9)
  A quokka zombie (D:6)
  5 rats
290 creatures vanquished.

Notes
Turn   | Place    | Note
-------+----------+-------------------------------------------
     0 | D:1      | Borgoz the Gargoyle Fighter began the quest for the Orb.
     0 | D:1      | Reached XP level 1. HP: 14/14 MP: 1/1
    55 | D:1      | Reached XP level 2. HP: 11/19 MP: 2/2
   555 | D:1      | Reached XP level 3. HP: 23/23 MP: 3/3
   802 | D:2      | Reached skill level 1 in Dodging
   802 | D:2      | Reached XP level 4. HP: 29/29 MP: 4/4
  1018 | D:2      | Found a glowing silver altar of Zin.
  1612 | D:3      | Found a runed translucent gate.
  1612 | D:3      | Found a runed translucent gate.
  1612 | D:3      | Found a runed translucent gate.
  1612 | D:3      | Noticed KrasnyyBoyets's ghost (amateur TrFi)
  1748 | D:3      | Found a shimmering altar of Xom.
  1809 | D:3      | Reached XP level 5. HP: 28/33 MP: 5/5
  2091 | D:3      | Found a burning altar of Makhleb.
  2106 | D:3      | Became a worshipper of Makhleb the Destroyer
  2329 | D:4      | Found Dixo's Gadget Boutique.
  2355 | D:4      | Found Deunou's Distillery.
  2411 | D:4      | Noticed a sky beast
  2448 | D:4      | Killed a sky beast
  2448 | D:4      | Reached XP level 6. HP: 35/38 MP: 6/6
  2512 | D:4      | Found a snail-covered altar of Cheibriados.
  2563 | D:4      | Found Nanaot's Jewellery Boutique.
  2679 | D:4      | Found Qoinlego's Antique Weapon Shop.
  2933 | D:5      | Entered Level 5 of the Dungeon
  2965 | D:5      | Noticed a sky beast
  2997 | D:5      | Killed a sky beast
  2997 | D:5      | Reached XP level 7. HP: 34/44 MP: 7/7
  3208 | D:5      | Reached * piety under Makhleb
  3208 | D:5      | Reached skill level 5 in Maces & Flails
  3234 | D:5      | Found a hide-covered altar of Uskayaw.
  3370 | D:5      | Noticed Pikel
  3411 | D:5      | Killed Pikel
  3411 | D:5      | Reached skill level 5 in Fighting
  3411 | D:5      | Reached skill level 5 in Armour
  3411 | D:5      | Reached skill level 5 in Shields
  3411 | D:5      | Reached XP level 8. HP: 41/50 MP: 8/8
  3644 | D:6      | Found a staircase to the Ecumenical Temple.
  3669 | Temple   | Entered the Ecumenical Temple
  3901 | D:6      | Reached XP level 9. HP: 55/55 MP: 9/9
  3902 | D:6      | Found Vefuej's Food Shoppe.
  3993 | D:6      | Reached ** piety under Makhleb
  4607 | D:7      | Found Pecrit's Magic Scroll Shop.
  4624 | D:7      | Bought a scroll of magic mapping for 38 gold pieces
  4651 | D:7      | Noticed Duvessa
  4651 | D:7      | Noticed Dowan
  4660 | D:7      | Noticed Menkaure
  4661 | D:7      | Killed Duvessa
  4664 | D:7      | Killed Dowan
  4683 | D:7      | Killed Menkaure
  4814 | D:7      | Got a faintly glowing rapier
  4815 | D:7      | Identified the +2 rapier of Somewhere Else {freeze, Str+4
                  | Int+4} (You found it on level 7 of the Dungeon)
  4939 | D:7      | Found a shattered altar of Ashenzari.
  4940 | D:7      | Found a sacrificial altar of Ru.
  5068 | D:7      | Found a hazy altar of Hepliaklqana.
  5540 | D:8      | Reached skill level 1 in Invocations
  5583 | D:8      | Reached skill level 1 in Evocations
  5707 | D:8      | Reached XP level 10. HP: 61/61 MP: 11/11
  5763 | D:8      | Noticed Joseph
  5776 | D:8      | Killed Joseph
  5776 | D:8      | Reached skill level 5 in Dodging
  5813 | D:8      | Found a runed translucent gate.
  5813 | D:8      | Found a runed translucent gate.
  5813 | D:8      | Found a runed translucent gate.
  5816 | D:8      | Noticed a brown ugly thing
  5817 | D:8      | Noticed a glowing orange brain
  5817 | D:8      | Noticed a white ugly thing
  5818 | D:8      | Noticed a green ugly thing
  6058 | D:9      | Reached *** piety under Makhleb
  6096 | D:9      | Noticed a two-headed ogre
  6109 | D:9      | Killed a two-headed ogre
  6365 | D:9      | Noticed a two-headed ogre
  6373 | D:9      | Killed a two-headed ogre
  6407 | D:9      | Found a glowing golden altar of the Shining One.
  6861 | D:9      | Reached **** piety under Makhleb
  6955 | D:10     | Entered Level 10 of the Dungeon
  7005 | D:9      | Reached XP level 11. HP: 68/68 MP: 13/13
  7097 | D:10     | Found a staircase to the Lair.
  7175 | D:10     | Found a flagged portal.
  7219 | Bailey   | Entered a bailey
  7320 | Bailey   | Reached ***** piety under Makhleb
  7349 | Bailey   | Noticed an orc knight
  7364 | Bailey   | Killed an orc knight
  7519 | Bailey   | Noticed an orc knight
  7519 | Bailey   | Noticed an orc warlord
  7539 | Bailey   | Slain by an orc warlord

Levels and vault maps discovered:
D:1:      dpeg_arrival_rhombi, layout_rooms, minmay_3d_cube
D:2:      cheibrodos_old_hovel, layout_loops_corners, small_statue_intersection,
          lemuel_statue_altar
D:3:      layout_loops_corners, makhleb_blood_cavern_becter,
          gammafunk_ghost_necromancy, first_ration, xom_teletrap_fun
D:4:      layout_loops_cross, kennysheep_slug_shrine, serial_shops,
          kennysheep_mini, nicolae_shop_competitors_out_of_business, shop,
          nicolae_shop_statue_plus, chequers_serial_rivers_micro_a,
          kennysheep_cross_bottleneck
D:5:      layout_basic, eat_drink_and_be_merry_uskayaw,
          small_statue_intersection, uniq_pikel
D:6:      layout_cave_pods, minmay_temple_entry_hall, serial_shops,
          nicolae_shop_crystal
D:7:      layout_cave_pods, kennysheep_mini_moat, grunt_temple_overflow_open,
          serial_column_ruins, column_ruins_square_small,
          column_ruins_open_small, column_ruins_columns_corner,
          column_ruins_grid_1, column_ruins_open_small, column_ruins_open_small,
          serial_shops, shop, uniq_menkaure, uniq_duvessa
D:8:      layout_basic, ploomutoo_gammafunk_ghost_potion_laboratory, uniq_joseph
D:9:      layout_roguey, special_room [special_room_orc],
          nicolae_tso_besieged_by_evil
D:10:     layout_rooms, erik_lair_island, orc_0_dummy, enter_bailey_6,
          minmay_misc_feat_doors, serial_bayou_pond_e
Temple:   kb_temple_of_zot
Bailey:   bailey_axe_minmay_hex_keep, bailey

Skill      XL: |  1  2  3  4  5  6  7  8  9 10 11 |
---------------+----------------------------------+-----
Maces & Flails | 3 4 6 8 9 |  9.6
Dodging        | 1 2 3 4 6 |  6.3
Fighting       | 4 5 6 7 |  7.9
Armour         | 4 5 6 7 8 9 |  9.1
Shields        | 4 5 |  5.4
Invocations    | 1 3 |  3.9
Evocations     | 1 2 3 |  3.3

Action                   |  1- 3 |  4- 6 |  7- 9 | 10-12 || total
-------------------------+-------+-------+-------+-------++-------
Melee: Flail             |   119 |   196 |   362 |    73 ||   750
       Morningstar       |       |       |       |   363 ||   363
  Use: Scroll            |       |     7 |     7 |     6 ||    20
       Potion            |       |       |     4 |     5 ||     9
 Stab: Distracted        |     1 |       |       |       ||     1
       Invisible         |       |       |       |     2 ||     2
  Eat: Chunk             |       |     7 |    10 |     6 ||    23
Armor: Scale mail        |    68 |   128 |    12 |   209 ||   417
       Skin              |       |       |    42 |       ||    42
       Chain mail        |       |       |   134 |    11 ||   145
Dodge: Dodged            |    34 |    65 |   123 |   298 ||   520
Block: Shield            |    61 |    87 |    15 |       ||   163
       Buckler           |       |       |    49 |   111 ||   160

Table legend:
 A = Non-vault XP
 B = Vault XP
 C = Vault XP percentage of total XP
 D = Non-vault monster count
 E = Vault monster count
 F = Vault count percentage of total count
                 A         B        C        D         E       F
            +---------+---------+-------+---------+---------+-------
      Total |    7503 |    4091 |  35.3 |     181 |     105 |  36.7
            +---------+---------+-------+---------+---------+-------
        D:1 |      28 |       6 |  17.6 |      18 |       4 |  18.2
        D:2 |     110 |       1 |   0.9 |      17 |       1 |   5.6
        D:3 |      52 |      45 |  46.4 |      12 |       1 |   7.7
        D:4 |     250 |       4 |   1.6 |      10 |       1 |   9.1
        D:5 |     727 |     651 |  47.2 |      20 |       1 |   4.8
        D:6 |    1020 |       0 |   0.0 |      33 |       0 |   0.0
        D:7 |     709 |     352 |  33.2 |      14 |       3 |  17.6
        D:8 |     852 |     407 |  32.3 |      15 |       1 |   6.2
        D:9 |    3068 |    1041 |  25.3 |      27 |      37 |  57.8
       D:10 |     687 |     312 |  31.2 |      15 |       1 |   6.2
     Bailey |       0 |    1272 | 100.0 |       0 |      55 | 100.0
            +---------+---------+-------+---------+---------+-------
